 Dungeon Crawl Stone Soup version 0.30-a0-737-gf23d94013f (webtiles) character file.

Game seed: 2030870842111054460

669667 demibob the Rhythm of Life and Death (level 27, -19/245 HPs)
             Began as a Hill Orc Fighter on Feb 2, 2023.
             Was a Believer of Uskayaw.
             Drowned by Nakhaez the pandemonium lord (40 damage)
             ... on level 15 of the Dungeon.
             The game lasted 01:59:38 (54182 turns).

demibob the Rhythm of Life and Death (HOFi)        Turns: 54182, Time: 01:59:39

Health: -19/245    AC: 51    Str: 28 (29) XL:     27
Magic:  40/40      EV: 26    Int:  9 (10) God:    Uskayaw [**....]
Gold:   4461       SH:  0    Dex: 14      Spells: 26/26 levels left

rFire   + . .      SeeInvis +    a - +6 executioner's axe (vamp)
rCold   + + +      Faith    .    (shield currently unavailable)
rNeg    . . .      Spirit   .    z - +8 gold dragon scales
rPois   +          Reflect  .    m - +0 mask of the Dragon {Will+ Slay+3 SInv}
rElec   .          Harm     .    N - +2 cloak {Stlth+}
rCorr   +          Rampage  .    O - +3 pair of gauntlets of War {Slay+5}
Will    ++++.                    S - +1 pair of boots of Contentment {+Blink rC+ rCorr Int+4} Stlth
                                 A - amulet "Jaokyoc" {Regen+ Slay+5}
HPRegen 1.40/turn                J - ring of the Hare {EV+10}
MPRegen 0.27/turn                I - ring "Onuiss" {Drain rPois rC++ AC+4}

@: about to teleport, studying Fighting
A: antennae 1, deterioration 1, dopey 1, frail 1, strong-willed 1, devolution 1
0: Orb of Zot
}: 4/15 runes: serpentine, barnacled, slimy, silver
a: Renounce Religion, Evoke Blink, Stomp, Line Pass


You were on level 15 of the Dungeon.
You worshipped Uskayaw.
Uskayaw was exalted by your worship.
You visited 11 branches of the dungeon, and saw 55 of its levels.
You visited the Abyss 1 time.
You visited 1 bazaar.
You also visited: Ossuary and Ice Cave.

You collected 8977 gold pieces.
You spent 4516 gold pieces at shops.


Innate Abilities, Weirdness & Mutations

You have a pair of small antennae on your head.
Your body sometimes deteriorates upon taking damage.
You are dopey. (Int -2)
You are frail. (-10% HP)
You are strong-willed. (Will+)
You have hidden genetic defects.


   Skills:
 O Level 27 Fighting
 O Level 27 Axes
 O Level 27 Armour
 + Level 20.9 Dodging
 - Level 3.2 Shields
 O Level 27 Invocations
 - Level 12.7 Evocations


You had 26 spell levels left.
You didn't know any spells.
Your spell library contained the following spells:

 Spells                   Type           Power      Damage    Failure   Level
 Apportation              Tloc           0%         N/A       93%         1
 Foxfire                  Conj/Fire      0%         2x1d4     93%         1
 Freeze                   Ice            0%         1d3       93%         1
 Kiss of Death            Conj/Necr      0%         2d5       93%         1
 Necrotise                Necr           0%         1d4       93%         1
 Sandblast                Erth           0%         2d4       93%         1
 Slow                     Hex            0%         N/A       93%         1
 Blink                    Tloc           0%         N/A       98%         2
 Cigotuvi's Dreadful Rot  Necr/Pois/Air  0%         N/A       98%         2
 Ensorcelled Hibernation  Hex/Ice        0%         N/A       98%         2
 Lesser Beckoning         Tloc           0%         N/A       98%         2
 Momentum Strike          Conj/Tloc      0%         3d8       98%         2
 Passwall                 Tmut/Erth      0%         N/A       98%         2
 Poisonous Vapours        Pois/Air       0%         N/A       98%         2
 Scorch                   Fire           0%         2d5       98%         2
 Static Discharge         Conj/Air       0%         2-2/arc   98%         2
 Sublimation of Blood     Necr           0%         N/A       98%         2
 Call Canine Familiar     Summ           0%         N/A       100%        3
 Confusing Touch          Hex            0%         N/A       100%        3
 Frozen Ramparts          Ice            0%         1d1       100%        3
 Gell's Gravitas          Tloc           0%         N/A       100%        3
 Hailstorm                Conj/Ice       0%         3d3       100%        3
 Inner Flame              Hex/Fire       0%         N/A       100%        3
 Mephitic Cloud           Conj/Pois/Air  0%         N/A       100%        3
 Ozocubu's Armour         Ice            0%         N/A       100%        3
 Portal Projectile        Hex/Tloc       0%         N/A       100%        3
 Spider Form              Tmut/Pois      0%         N/A       100%        3
 Stone Arrow              Conj/Erth      0%         3d7       100%        3
 Swiftness                Air            0%         N/A       100%        3
 Teleport Other           Tloc           0%         N/A       100%        3
 Tukima's Dance           Hex            0%         N/A       100%        3
 Vampiric Draining        Necr           0%         2d6       100%        3
 Vhi's Electric Charge    Tloc/Air       0%         N/A       100%        3
 Anguish                  Hex/Necr       0%         N/A       100%        4
 Animate Armour           Summ/Erth      0%         N/A       100%        4
 Cause Fear               Hex            0%         N/A       100%        4
 Dispel Undead            Necr           0%         3d6       100%        4
 Flame Wave               Conj/Fire      0%         2d4       100%        4
 Fulminant Prism          Conj/Hex       0%         3d5       100%        4
 Ice Form                 Ice/Tmut       0%         N/A       100%        4
 Leda's Liquefaction      Hex/Erth       0%         N/A       100%        4
 Manifold Assault         Tloc           0%         N/A       100%        4
 Olgreb's Toxic Radiance  Pois           0%         N/A       100%        4
 Passage of Golubria      Tloc           0%         N/A       100%        4
 Petrify                  Tmut/Erth      0%         N/A       100%        4
 Sticky Flame             Conj/Fire      0%         2d3       100%        4
 Summon Ice Beast         Ice/Summ       0%         N/A       100%        4
 Agony                    Necr           0%         N/A       100%        5
 Alistair's Intoxication  Tmut/Pois      0%         N/A       100%        5
 Arcjolt                  Conj/Air       0%         1d10      100%        5
 Blade Hands              Tmut           0%         N/A       100%        5
 Fireball                 Conj/Fire      0%         3d3       100%        5
 Irradiate                Conj/Tmut      0%         3d11      100%        5
 Lee's Rapid Deconstruct  Erth           0%         3d4*      100%        5
 Lightning Bolt           Conj/Air       0%         1d11      100%        5
 Metabolic Englaciation   Hex/Ice        0%         N/A       100%        5
 Summon Forest            Summ/Tloc      0%         N/A       100%        5
 Summon Mana Viper        Hex/Summ       0%         N/A       100%        5
 Yara's Violent Unravell  Hex/Tmut       0%         3d3       100%        5
 Death Channel            Necr           0%         N/A       100%        6
 Dispersal                Tloc           0%         N/A       100%        6
 Simulacrum               Ice/Necr       0%         N/A       100%        6
 Starburst                Conj/Fire      0%         6d3       100%        6
 Statue Form              Tmut/Erth      0%         N/A       100%        6
 Summon Cactus Giant      Summ           0%         N/A       100%        6
 Dragon Form              Tmut           0%         N/A       100%        7
 Enfeeble                 Hex            0%         N/A       100%        7
 Monstrous Menagerie      Summ           0%         N/A       100%        7
 Ozocubu's Refrigeration  Ice            0%         4d7       100%        7
 Storm Form               Tmut/Air       0%         N/A       100%        7
 Ignition                 Fire           0%         3d3       100%        8
 Lehudib's Crystal Spear  Conj/Erth      0%         10d2      100%        8
 Maxwell's Capacitive Co  Air            0%         ∞         100%        8

Inventory:

Hand Weapons
 a - a +6 vampiric executioner's axe (weapon)
 c - the +8 Wrath of Trog {antimagic, *Rage Rampage}
   (You found it on level 3 of the Depths)

   It causes slowness and exhaustion when equipped.
   It extends the wielder's berserk rage when killing foes.
   *Rage:     It berserks you when you make melee attacks (+50% chance).
   Rampage:   It bestows one free step when moving towards enemies.
Armour
 m - the +0 mask of the Dragon (worn) {Will+ Slay+3 SInv}
   (You found it on level 2 of the Realm of Zot)

   Slay:      It affects your accuracy & damage with ranged weapons and melee
   (+3).
   SInv:      It lets you see invisible.
   Will:      It increases your willpower.
 z - +8 gold dragon scales (worn)
 N - a +2 cloak of stealth (worn)
 O - the +3 pair of gauntlets of War (worn) {Slay+5}
   (You found it on level 4 of the Vaults)

   Slay:      It affects your accuracy & damage with ranged weapons and melee
   (+5).
 S - the +1 pair of boots of Contentment (worn) {+Blink rC+ rCorr Int+4}
   (You found it on level 15 of the Dungeon)

   Int:       It affects your intelligence (+4).
   rC:        It protects you from cold.
   +Blink:    It lets you blink.
   rCorr:     It protects you from acid and corrosion.
Jewellery
 n - the ring "Fyhih" {Fire MP+9 Int+2 Slay+5}
   (You found it on level 5 of the Pits of Slime)

   [ring of fire]

   It enhances your fire magic.
   Int:       It affects your intelligence (+2).
   Slay:      It affects your accuracy & damage with ranged weapons and melee
   (+5).
   rF:        It protects you from fire.
   rC:        It makes you vulnerable to cold.
   MP:        It affects your magic capacity (+9).
 p - the ring "Malas" {rN+ Str+3 Dex+4 Stlth-}
   (You found it on level 3 of the Crypt)

   [ring of positive energy]

   Str:       It affects your strength (+3).
   Dex:       It affects your dexterity (+4).
   rN:        It protects you from negative energy.
   Stlth:     It makes you less stealthy.
 w - the ring of Trepidation {rF+ rN+ rCorr MP-9 Int+4}
   (You found it on level 3 of the Crypt)

   [ring of positive energy]

   Int:       It affects your intelligence (+4).
   rF:        It protects you from fire.
   rN:        It protects you from negative energy.
   MP:        It affects your magic capacity (-9).
   rCorr:     It protects you from acid and corrosion.
 A - the amulet "Jaokyoc" (around neck) {Regen+ Slay+5}
   (You acquired it on level 1 of the Lair of Beasts)

   [amulet of regeneration]

   Slay:      It affects your accuracy & damage with ranged weapons and melee
   (+5).
   Regen:     It increases your rate of health regeneration.
 D - the ring "Tionopn" {rPois Slay+3 SInv}
   (You found it on level 4 of the Shoals)

   [ring of poison resistance]

   Slay:      It affects your accuracy & damage with ranged weapons and melee
   (+3).
   rPois:     It protects you from poison.
   SInv:      It lets you see invisible.
 E - a +5 ring of evasion
 F - a ring of protection from fire
 H - the ring "Ceotud" {rCorr Str+6 Dex+3}
   (You took it off a deep elf sorcerer on level 3 of the Elven Halls)

   [ring of strength]

   Str:       It affects your strength (+6).
   Dex:       It affects your dexterity (+3).
   rCorr:     It protects you from acid and corrosion.
 I - the ring "Onuiss" (right hand) {Drain rPois rC++ AC+4}
   (You took it off a vault warden on level 5 of the Vaults)

   [ring of protection]

   AC:        It affects your AC (+4).
   rC:        It greatly protects you from cold.
   rPois:     It protects you from poison.
   Drain:     It drains your maximum health when unequipped.
 J - the ring of the Hare (left hand) {EV+10}
   (You found it on level 3 of the Crypt)

   [ring of evasion]

   EV:        It affects your evasion (+10).
 L - a ring of flight
 R - a ring of resist corrosion
 T - a +4 ring of protection
 V - an amulet of reflection
 W - a ring of willpower
Wands
 d - a wand of polymorph (8)
 e - a wand of digging (12)
 i - a wand of light (35)
 u - a wand of flame (109)
 v - a wand of mindburst (10)
 Q - a wand of paralysis (51)
 X - a wand of iceblast (11)
Scrolls
 j - 9 scrolls of magic mapping
 r - 15 scrolls of teleportation {@r2}
 t - 11 scrolls of fog
 x - 8 scrolls of fear
 y - 5 scrolls of blinking
 B - 51 scrolls of identify {@r1}
 C - 2 scrolls of brand weapon
Potions
 f - 17 potions of curing {@q1}
 g - 2 potions of haste {@q3}
 h - 13 potions of attraction
 k - 6 potions of cancellation
 l - 7 potions of resistance
 o - 4 potions of mutation
 q - 10 potions of flight
 G - 6 potions of berserk rage {!q}
 K - a potion of invisibility
 P - 4 potions of magic
 U - 9 potions of heal wounds {@q2}
 Z - 2 potions of might
Miscellaneous
 b - a phantom mirror
 s - a condenser vane
 M - a box of beasts
 Y - a piece from Xom's chessboard (15/15)

Dungeon Overview and Level Annotations

Branches:
Dungeon (15/15)            Temple (0/1) D:4            Lair (5/5) D:9
 Shoals (4/4) Lair:3        Snake (4/4) Lair:2        Slime (5/5) Lair:4
    Orc (2/2) D:10            Elf (3/3) Orc:2        Vaults (5/5) D:13
  Crypt (3/3) Vaults:2       Tomb (0/3) Crypt:3      Depths (4/4) D:15
    Zot (5/5) Depths:4    Ossuary (visited)           IceCv (visited)

Altars:
Ashenzari
Cheibriados
Dithmenos
Fedhas
Okawaru
Ru
Trog
Uskayaw
Vehumet
Wu Jian
Xom
Yredelemnul
The Shining One
Beogh
Jiyva

Shops:
D:2 =*([=   D:11 *   Orc:2 ==[:?   Elf:3 =*=[   Vaults:3 [   Vaults:4 (
Vaults:5 *   Depths:1 *

Portals:
Hell: Depths:1 Depths:2 Depths:3 Depths:4
Abyss: Depths:3 Depths:4
Pandemonium: Depths:2
Ziggurat: Depths:2
Trove: D:11 (give +4 ice dragon scales)

Annotations:
D:8 exclusion: statue
D:14 Roxanne
Elf:2 3 runed translucent doors
Vaults:2 1 transporter, Pileu's ghost, adept DsFE
Zot:1 4 transporters

..#..##.#.#.....#
#.#.#####.#
.....#..........# #...#
#.# .......##.##.####
###.#####.#
..........##.#
#.......#
...##..#####.##
#.#######
#####.....4...# #.#
##...[.....# #.#
#.#......#.#### #.#
##.#.##....4&@####.#
#######.#####.##......#
)...# #.#####.#########
##..# #.......# ....#
######### ##.## ##.#
...# ####


You could see Nakhaez and a red devil.


Message History

There is a stone staircase leading up here.
You open Nakhaez like a pillowcase!!!
Nakhaez is moderately wounded.
Nakhaez engulfs you. Nakhaez drowns you!!!
You chop Nakhaez into pieces!!!
Nakhaez is heavily wounded.
Nakhaez barely misses you. Nakhaez engulfs you!! Nakhaez drowns you!!!
* * * LOW HITPOINT WARNING * * *
You can now pass through a line of other dancers.
You are too injured to fight recklessly!
You feel much better. Nakhaez engulfs you.
* * * LOW HITPOINT WARNING * * *
Nakhaez drowns you!!
* * * LOW HITPOINT WARNING * * *
Your body deteriorates!
You feel dopey.
As you read the scroll of teleportation {@r2}, it crumbles to dust.
You feel strangely unstable.
You feel the Orb delaying your translocation!
Nakhaez engulfs you. Nakhaez drowns you!!
* * * LOW HITPOINT WARNING * * *
Nakhaez engulfs you. Nakhaez drowns you!!
* * * LOW HITPOINT WARNING * * *
Your body deteriorates!
You feel weakened.
You feel much better. Nakhaez engulfs you. Nakhaez drowns you!!
* * * LOW HITPOINT WARNING * * *
Nakhaez completely misses you.
You feel much better. Nakhaez engulfs you!
* * * LOW HITPOINT WARNING * * *
Nakhaez drowns you!!!
You die...

Skill      XL: |  1  2  3  4  5  6  7  8  9 10 11 12 13 14 15 16 17 18 19 20 21 22 23 24 25 26 27 |
---------------+----------------------------------------------------------------------------------+-----
Axes           | 3 4 5 6 8 9 11 14 17 20 22 23 24 25 27 | 27.0
Fighting       | 5 9 12 15 17 19 22 24 26 27 | 27.0
Armour         | 5 8 11 12 14 16 17 18 20 21 23 24 25 27 | 27.0
Dodging        | 5 7 9 11 12 13 14 20 | 20.9
Invocations    | 10 11 13 15 18 20 21 24 27 | 27.0
Evocations     | 4 12 | 12.7
Shields        | |  3.2

Action                     |  1- 3 |  4- 6 |  7- 9 | 10-12 | 13-15 | 16-18 | 19-21 | 22-24 | 25-27 || total
---------------------------+-------+-------+-------+-------+-------+-------+-------+-------+-------++-------
  Melee: War axe           |   100 |   166 |   175 |       |       |       |       |       |       ||   441
         Punch             |     1 |     1 |     2 |       |       |       |       |       |       ||     4
         Executioner's axe |       |       |    76 |   335 |   668 |   852 |   841 |  1359 |  1743 ||  5874
 Invoke: Stomp             |       |       |       |       |       |     1 |       |       |     2 ||     3
  Evoke: Wand              |       |       |       |     4 |    15 |       |       |       |       ||    19
    Use: Scroll            |     5 |     8 |     6 |    10 |     9 |     3 |     1 |    18 |    10 ||    70
         Potion            |       |     4 |     4 |     6 |     6 |     2 |     3 |    10 |    23 ||    58
   Stab: Paralysed         |       |     2 |    12 |    48 |    74 |   114 |   148 |   149 |   334 ||   881
         Distracted        |       |       |       |     1 |       |       |       |     1 |     1 ||     3
         Invisible         |       |       |       |     1 |       |       |       |       |       ||     1
         Petrified         |       |       |       |       |     5 |       |       |       |       ||     5
         Petrifying        |       |       |       |       |     3 |       |       |       |       ||     3
 Armour: Scale mail        |    75 |    82 |   157 |   100 |    55 |       |       |       |       ||   469
         Plate armour      |       |       |       |       |   202 |   309 |       |       |       ||   511
         Chain mail        |       |       |       |       |    54 |   256 |   394 |   117 |       ||   821
         Gold dragon scale |       |       |       |       |       |       |       |   704 |  1125 ||  1829
  Dodge: Dodged            |    59 |    92 |   125 |   132 |   196 |   359 |   420 |   524 |  1065 ||  2972

Levels and vault maps discovered:
D:1:      erik_arrival_blinker_ship, layout_rooms
D:2:      layout_loops_cross, serial_shops, nicolae_shop_behind_doors,
          nicolae_square_shop, nicolae_lakefront_shop, shop,
          nicolae_shop_hallway_plus, minmay_quadrilaterals
D:3:      layout_basic, nicolae_overflow_crystal_walls,
          eat_drink_and_be_merry_uskayaw
D:4:      layout_rooms, mainiacjoe_overflow_catwalk, temple_statues
D:5:      layout_basic, led_xom_imps, grunt_ministairs_10, uniq_sigmund
D:6:      layout_loops_corners, lemuel_coloured_pillars_altar, uniq_eustachio
D:7:      layout_rooms, nicolae_wu_jian_immortal_techniques
D:8:      layout_cave_pods, vehumet_statue, lemuel_mausoleum_altar_yredelemnul,
          gup_ossuary_entry_pyramid, uniq_gastronok
D:9:      layout_small_grid, mainiacjoe_overflow_six_doors_small,
          grunt_lair_entry_orc_guard_hut, minmay_lindwurm_lava
D:10:     layout_small_grid, mainiacjoe_overflow_24_doors,
          okawaru_metal_pillars_1_2, zombieorc2_lemuel, serial_rivers,
          chequers_serial_rivers_small_3, chequers_serial_rivers_room_a,
          chequers_serial_rivers_small_3, chequers_serial_rivers_small_b,
          chequers_serial_rivers_micro_c
D:11:     nicolae_hitomezashi [nicolae_hito_row, nicolae_hito_row,
          nicolae_hito_row, nicolae_hito_row, nicolae_hito_row,
          nicolae_hito_row, nicolae_hito_row, nicolae_hito_row,
          nicolae_hito_row, nicolae_hito_row, nicolae_hito_row,
          nicolae_hito_row, nicolae_hito_row, nicolae_hito_row,
          nicolae_hito_row, nicolae_hito_row, nicolae_hito_row,
          nicolae_hito_row], layout_loops_cross, enter_trove_3,
          nicolae_shop_clearance
D:12:     layout_loops_corners
D:13:     layout_rooms, ximxim_vaults_locker_room, serial_glass,
          glass_columns_a, glass_columns_a, minmay_variable_closet,
          grunt_decor_clamped
D:14:     minmay_swirls_squares, layout_basic, serial_ice, serial_ice_e,
          serial_ice_i, serial_ice_f, serial_ice_d, roderic_lattice_a,
          uniq_roxanne, uniq_kirke, uniq_azrael
D:15:     hangedman_depths_entry_try_elsewhere_first, layout_loops_cross,
          nicolae_tso_swordbearing_angel
Lair:1:   layout_big_grid, grunt_forest_large_clearings, lemuel_fruit_fields
Lair:2:   layout_regular_city, minmay_snake_entry_guardpost_small,
          portal_ice_cave_demonic_guard, nzn_sisyphean_effort
Lair:3:   layout_big_grid, minmay_shoals_entry_centaurs, grunt_megastairs_4
Lair:4:   layout_misc_corridors, minmay_slime_entry_pillars, grunt_megastairs_3,
          lemuel_fruit_tree
Lair:5:   evilmike_catoblepas_cave, layout_loops_ring
Shoals:1: layout_shoals
Shoals:2: layout_shoals, nicolae_shoals_kraken_intersection, uniq_nikola
Shoals:3: cheibrodos_shoals_baths, layout_shoals
Shoals:4: shoals_end_grunt_ice, layout_shoals
Snake:1:  layout_layer_cave, nicolae_integral_box, serial_bayou_shore_a
Snake:2:  layout_grid_maze
Snake:3:  layout_basic
Snake:4:  grunt_snake_rune_spirals, layout_onion_interference,
          nrook_guardian_serpent_double, uniq_aizul
Slime:1:  layout_caves
Slime:2:  layout_caves
Slime:3:  layout_caves
Slime:4:  layout_caves, nicolae_slime_getting_an_eyeful
Slime:5
Orc:1:    layout_diamond_mine, nicolae_orc_lost_temple, uniq_snorg
Orc:2:    hellmonk_orc_salted, layout_caves, serial_shops, shop
Elf:1:    eino_elf_arrival_altar, layout_geoelf_diagonals, basic_altar,
          serial_shops, bzr_entry_dummy, minmay_elf_crystal_hexagon
Elf:2:    elven_hall_of_blades_hangedman_original
          [nicolae_blade_entry_crossed_weapons], layout_geoelf_grid, uniq_louise
Elf:3:    minmay_elf_hall_hex, layout_loops_ring, serial_shops, shop, shop,
          shop_statue, shop, grunt_megastairs_5
Vaults:1: nicolae_vaults_windows_and_doors_thing, v_alt_pattern_5,
          nicolae_vaults_network_periphery, hangedman_vaults_stitches,
          vaults_room_octagon, v_alt_pattern_4, ontoclasm_vaults_ring_small,
          grunt_vaults_swirl, ontoclasm_vaults_pinch, vaults_mumra_hex,
          nicolae_vaults_specimen_jars, v_misc_24, layout_vaults_maze_snakey
Vaults:2: gammafunk_ghost_smash, v_rooms_4, v_misc_27, serial_ice_g,
          hangedman_vaults_cutoff, nicolae_vaults_yaktaur_gun_rack,
          minmay_crypt_entry_simple_statues, layout_vaults_omnigrid
Vaults:3: vaults_dpeg_spiral, nicolae_vaults_octagons,
          ontoclasm_vaults_decontamination, nicolae_vaults_big_ls,
          vaults_mumra_chevron_long, ontoclasm_vaults_shuriken,
          vaults_dpeg_doors, dpeg_vaults_monster_box, v_misc_11, v_misc_30,
          vaults_room_door_hall, hangedman_vaults_locks, vaults_mumra_lcd,
          layout_vaults_omnibox, serial_shops, shop
Vaults:4: st_star, ontoclasm_vaults_loading_screen, v_rooms_4, v_alt_pattern_1,
          nicolae_vaults_diagonal_hallway_7, nicolae_vaults_network_star,
          ontoclasm_vaults_misaligned, vaults_room_ringed_pool,
          nicolae_vaults_diagonal_hallway_7, ontoclasm_vaults_loading_screen,
          hangedman_vaults_impose, layout_vaults_omnicross, serial_shops,
          shop_fountains, uniq_saint_roka
Vaults:5: uniq_margery
Crypt:1:  layout_gridlike
Crypt:2:  layout_basic
Crypt:3:  church_of_pain_bobbens, layout_chaotic_city, uniq_vv, uniq_jory
Depths:1: layout_roguey [special_room_jelly], hangedman_coc_ice_floe,
          minivault_11, serial_glass, glass_columns_a, glass_columns_a,
          glass_columns_a, glass_columns_b, glass_columns_a, glass_columns_a,
          glass_columns_c, glass_columns_b, nicolae_antique_artefacts,
          minmay_fountain_box, evilmike_minifort
Depths:2: dreamdust_experimentation, layout_gridlike, enter_ziggurat_e,
          grunt_pan_entry_zigzag, hell_entry, gammafunk_ghost_berserking_beasts,
          bloody_trog
Depths:3: emtedronai_trogs_sanctum, layout_cave_pools, grunt_metal_band,
          abyss_entry, amcnicky_mini_pool_small, minmay_staircase_bubble
Depths:4: evilmike_zot_entry_hall, layout_gridlike, marbit_kobold_abyss_entry,
          bh_walls_and_bars, pf_hell_entry_tar_spiral, serial_bayou,
          serial_bayou_pond_e, serial_bayou_lake_a, serial_bayou_pond_e,
          uniq_mennas, uniq_josephina
Zot:1:    layout_basic, nicolae_transporter_circle, grunt_megastairs_2
Zot:2:    layout_onion, chequers_guarded_unrand_mask_of_the_dragon
Zot:3:    layout_misc_corridors
Zot:4:    ebering_greatest_show_in_zot, layout_twisted_circle, lemuel_elevator
Zot:5:    layout_twisted_circle, drop_trap, st_stairs_14, lemuel_golem_globe

Notes
Turn   | Place    | Note
-------+----------+-------------------------------------------
     0 | D:1      | demibob the Hill Orc Fighter began the quest for the Orb.
     0 | D:1      | Reached XP level 1. HP: 19/19 MP: 1/1
    56 | D:1      | Reached skill level 3 in Axes
   231 | D:1      | Reached XP level 2. HP: 20/26 MP: 2/2
   269 | D:1      | Reached skill level 4 in Axes
   423 | D:1      | Reached XP level 3. HP: 31/31 MP: 3/3
   684 | D:2      | Reached skill level 5 in Axes
   684 | D:2      | Found Geat's Jewellery Emporium.
   731 | D:2      | Reached XP level 4. HP: 39/39 MP: 4/4
   795 | D:2      | Found Kymusoerch's Assorted Antiques.
   853 | D:2      | Found Syuleag's Antique Weapon Emporium.
   917 | D:2      | Found Itituf's Armour Shop.
  1031 | D:2      | Found Cualor's Jewellery Boutique.
  1156 | D:2      | Reached skill level 6 in Axes
  1628 | D:3      | Found a blossoming altar of Fedhas.
  1874 | D:3      | Found a hide-covered altar of Uskayaw.
  1906 | D:3      | Became a worshipper of Uskayaw the Reveller
  2188 | D:4      | Found a staircase to the Ecumenical Temple.
  2198 | D:4      | Reached * piety under Uskayaw
  2199 | D:4      | Reached ** piety under Uskayaw
  2206 | D:4      | Reached *** piety under Uskayaw
  2215 | D:4      | Reached XP level 5. HP: 32/45 MP: 5/5
  2269 | D:4      | Found a shadowy altar of Dithmenos.
  2313 | D:4      | Reached skill level 7 in Axes
  2449 | D:4      | Identified the amulet of Ottaeduo {Spirit -Cast Str+3
                  | Dex+6}
  2641 | D:4      | Reached **** piety under Uskayaw
  2644 | D:4      | Reached skill level 8 in Axes
  2644 | D:4      | Reached XP level 6. HP: 16/51 MP: 1/6
  2943 | D:5      | Entered Level 5 of the Dungeon
  3054 | D:5      | Reached skill level 9 in Axes
  3194 | D:5      | Reached XP level 7. HP: 40/57 MP: 7/7
  3275 | D:5      | Found a shimmering altar of Xom.
  3422 | D:5      | Reached skill level 10 in Axes
  3465 | D:5      | Reached skill level 11 in Axes
  3905 | D:6      | Reached XP level 8. HP: 33/64 MP: 5/8
  4090 | D:6      | Noticed Eustachio
  4107 | D:6      | Killed Eustachio
  4108 | D:6      | Reached skill level 12 in Axes
  4494 | D:6      | Reached skill level 13 in Axes
  4902 | D:6      | Found a broken altar of Ashenzari.
  5087 | D:2      | Bought a runed executioner's axe for 325 gold pieces
  5288 | D:7      | Reached skill level 14 in Axes
  5292 | D:7      | Reached ***** piety under Uskayaw
  5311 | D:7      | Reached XP level 9. HP: 56/70 MP: 9/9
  5546 | D:7      | Reached skill level 15 in Axes
  5883 | D:7      | Found an ornate altar of the Wu Jian Council.
  5987 | D:8      | Reached skill level 16 in Axes
  5992 | D:8      | Reached skill level 17 in Axes
  6136 | D:8      | Reached XP level 10. HP: 58/77 MP: 7/10
  6213 | D:8      | Found a basalt altar of Yredelemnul.
  6336 | D:8      | Noticed Gastronok
  6341 | D:8      | Reached skill level 18 in Axes
  6351 | D:8      | HP: 5/77 [Gastronok (12)]
  6354 | D:8      | Killed Gastronok
  6615 | D:8      | Found a radiant altar of Vehumet.
  6676 | D:8      | Found a sand-covered staircase.
  6683 | D:8      | Reached skill level 19 in Axes
  6686 | Ossuary  | Entered an ossuary
  7450 | D:9      | Noticed a lindwurm
  7455 | D:9      | Noticed a lindwurm
  7519 | D:9      | Paralysed by a hornet for 1 turns
  7690 | D:9      | Reached skill level 20 in Axes
  7700 | D:9      | Found a snail-covered altar of Cheibriados.
  7812 | D:9      | Reached XP level 11. HP: 74/82 MP: 11/11
  7954 | D:9      | Found a staircase to the Lair.
  8125 | Lair:1   | Entered Level 1 of the Lair of Beasts
  8128 | Lair:1   | Noticed a spriggan rider
  8134 | Lair:1   | Reached skill level 21 in Axes
  8186 | Lair:1   | Reached skill level 22 in Axes
  8327 | Lair:1   | Identified a scroll of acquirement
  8327 | Lair:1   | Acquired the amulet "Jaokyoc" {Regen+ Slay+5}
  8361 | Lair:1   | Identified the +0 scimitar "Grim Tooth" {freeze, rPois
                  | Dex+2}
  8401 | Lair:1   | Reached skill level 4 in Fighting
  8417 | Lair:1   | Reached skill level 4 in Armour
  8536 | Lair:1   | Reached skill level 5 in Fighting
  8677 | Lair:1   | Reached skill level 5 in Armour
  8680 | Lair:1   | Reached XP level 12. HP: 88/95 MP: 12/12
  8913 | Lair:2   | Reached skill level 6 in Fighting
  8994 | Lair:2   | Found a staircase to the Snake Pit.
  9109 | Lair:2   | Noticed a boulder beetle
  9119 | Lair:2   | Killed a boulder beetle
  9120 | Lair:2   | Reached skill level 6 in Armour
  9413 | Lair:2   | Noticed a boulder beetle
  9424 | Lair:2   | Killed a boulder beetle
  9472 | Lair:2   | Found a frozen archway.
  9478 | Lair:2   | Reached skill level 7 in Fighting
  9491 | IceCv    | Entered an ice cave
  9733 | IceCv    | Reached skill level 7 in Armour
  9736 | IceCv    | Reached skill level 23 in Axes
  9833 | IceCv    | Reached skill level 8 in Fighting
 10007 | IceCv    | Noticed a reaper
 10023 | IceCv    | HP: 7/103 [reaper/+2 scythe of freezing (4)]
 10466 | Lair:3   | Reached skill level 8 in Armour
 10552 | Lair:3   | Found a staircase to the Shoals.
 10611 | Lair:3   | Identified the +1 robe "Huhai" {Str+5}
 10623 | Lair:3   | Reached skill level 9 in Fighting
 10675 | Lair:3   | Reached XP level 13. HP: 56/111 MP: 13/13
 10856 | Lair:3   | Reached skill level 9 in Armour
 10939 | Lair:3   | Reached skill level 10 in Fighting
 11314 | D:10     | Entered Level 10 of the Dungeon
 11340 | D:10     | Found an iron altar of Okawaru.
 11541 | D:10     | Found a sacrificial altar of Ru.
 11687 | D:10     | Found a staircase to the Orcish Mines.
 11703 | D:10     | Reached ****** piety under Uskayaw
 12365 | D:11     | Reached skill level 24 in Axes
 12376 | D:11     | Reached skill level 10 in Armour
 12583 | D:11     | Reached skill level 11 in Fighting
 12799 | D:11     | Found Niub's CLEARANCE SALE!.
 12926 | D:11     | Found a portal to a secret trove of treasure.
 12935 | D:11     | Identified 2 potions of resistance
 14133 | Lair:4   | Reached skill level 11 in Armour
 14136 | Lair:4   | Found a viscous altar of Jiyva.
 14136 | Lair:4   | Found a staircase to the Slime Pits.
 14149 | Lair:4   | Reached skill level 12 in Fighting
 14267 | Lair:4   | Reached XP level 14. HP: 113/126 MP: 14/14
 14585 | Lair:4   | Reached skill level 13 in Fighting
 14585 | Lair:4   | Reached skill level 12 in Armour
 14890 | Lair:5   | Entered Level 5 of the Lair of Beasts
 15289 | Lair:5   | Reached skill level 1 in Dodging
 15355 | Lair:5   | Reached skill level 2 in Dodging
 15416 | Lair:5   | Reached skill level 14 in Fighting
 15667 | Lair:5   | Reached skill level 3 in Dodging
 15779 | Lair:5   | Reached skill level 4 in Dodging
 15917 | Lair:5   | Reached skill level 15 in Fighting
 16311 | D:9      | Reached skill level 5 in Dodging
 16311 | D:9      | Reached XP level 15. HP: 85/141 MP: 15/15
 16321 | D:9      | Got Magusch's Discourse on Enthralling Infection
 16672 | Orc:1    | Entered Level 1 of the Orcish Mines
 16755 | Orc:2    | Entered Level 2 of the Orcish Mines
 16835 | Orc:2    | Found Soume's Magic Scroll Shop.
 16846 | Orc:2    | Bought a scroll of enchant armour for 97 gold pieces
 17082 | Orc:2    | Found Waocuepe's Book Boutique.
 17101 | Orc:2    | Noticed an orc warlord
 17111 | Orc:2    | Found Yclaig's Jewellery Shoppe.
 17116 | Orc:2    | Killed an orc warlord
 17119 | Orc:2    | Reached skill level 13 in Armour
 17119 | Orc:2    | Found a roughly hewn altar of Beogh.
 17121 | Orc:2    | Reached skill level 16 in Fighting
 17122 | Orc:2    | Found Anahob's Antique Armour Shoppe.
 17239 | Orc:2    | Found a staircase to the Elven Halls.
 17427 | Orc:2    | Found Guqotej's Jewellery Shoppe.
 17427 | Orc:2    | Noticed an orc warlord
 17428 | Orc:2    | Paralysed by an orc sorcerer for 2 turns
 17435 | Orc:2    | Killed an orc warlord
 17779 | Orc:1    | Found a roughly hewn altar of Beogh.
 17807 | Orc:1    | Noticed Snorg
 17814 | Orc:1    | Killed Snorg
 18139 | Orc:2    | Bought a runed cloak for 255 gold pieces
 18424 | D:2      | Bought a smelly chain mail for 199 gold pieces
 18424 | D:2      | Identified the +5 chain mail of Submission {Int+5 SInv}
                  | (You bought it in a shop on level 2 of the Dungeon)
 18424 | D:2      | Bought an onyx ring for 105 gold pieces
 18715 | Orc:2    | Bought a +4 ring of protection for 612 gold pieces
 19025 | D:13     | Identified the +1 ring mail of Resilience {Dex+6}
 19077 | D:13     | Reached skill level 14 in Armour
 19084 | D:13     | Reached skill level 17 in Fighting
 19118 | D:13     | Found a gate to the Vaults.
 19125 | D:13     | Identified the +0 plate armour "Ipuogrucs" {rPois Stlth+}
 19610 | D:14     | Noticed Kirke
 19621 | D:14     | Killed Kirke
 19867 | D:14     | Reached XP level 16. HP: 140/156 MP: 16/16
 20011 | D:14     | Reached skill level 1 in Invocations
 20060 | D:14     | Reached skill level 2 in Invocations
 20173 | D:14     | Reached skill level 3 in Invocations
 20182 | D:14     | Reached skill level 18 in Fighting
 20217 | D:14     | Reached skill level 4 in Invocations
 20234 | D:14     | Reached skill level 5 in Invocations
 20257 | D:14     | Identified a +0 robe of resistance
 20321 | D:14     | Noticed Roxanne
 20350 | D:14     | Reached skill level 6 in Invocations
 20377 | D:14     | Noticed Azrael
 20397 | D:14     | Killed Azrael
 20777 | D:15     | Entered Level 15 of the Dungeon
 20785 | D:15     | Reached skill level 7 in Invocations
 20979 | D:15     | Reached skill level 8 in Invocations
 21036 | D:15     | Reached skill level 19 in Fighting
 21297 | D:15     | Found a glowing golden altar of the Shining One.
 21354 | D:15     | Identified the +1 pair of boots of Contentment {+Blink rC+
                  | rCorr Int+4}
 21420 | D:15     | Reached skill level 9 in Invocations
 21574 | D:15     | Found a staircase to the Depths.
 21857 | Snake:1  | Entered Level 1 of the Snake Pit
 21983 | Snake:1  | Reached skill level 10 in Invocations
 22004 | Snake:1  | Reached XP level 17. HP: 148/169 MP: 24/24
 22801 | Snake:1  | Reached skill level 11 in Invocations
 22804 | Snake:1  | Reached skill level 20 in Fighting
 24326 | Snake:3  | Reached skill level 21 in Fighting
 25232 | Snake:4  | Entered Level 4 of the Snake Pit
 25316 | Snake:4  | Reached skill level 22 in Fighting
 25860 | Snake:4  | Reached XP level 18. HP: 180/187 MP: 26/26
 25861 | Snake:4  | Reached skill level 23 in Fighting
 26010 | Snake:4  | Noticed Aizul
 26020 | Snake:4  | Killed Aizul
 26075 | Snake:4  | Reached skill level 24 in Fighting
 26087 | Snake:4  | Reached skill level 15 in Armour
 26452 | Snake:4  | Reached skill level 12 in Invocations
 26457 | Snake:4  | Reached skill level 6 in Dodging
 26548 | Snake:4  | Got a serpentine rune of Zot
 26920 | Vaults:1 | Entered Level 1 of the Vaults
 27210 | Vaults:1 | Reached skill level 13 in Invocations
 27277 | Vaults:1 | Reached skill level 7 in Dodging
 27409 | Vaults:1 | Reached skill level 16 in Armour
 27409 | Vaults:1 | Reached XP level 19. HP: 198/198 MP: 29/29
 27592 | Vaults:1 | Reached skill level 14 in Invocations
 27712 | Vaults:1 | Reached skill level 8 in Dodging
 28011 | Vaults:2 | You fall into a shaft and drop 1 floor!
 28060 | Vaults:3 | Reached skill level 15 in Invocations
 28124 | Vaults:3 | Identified the +3 scale mail of Terror {Rampage +Blink rF-
                  | rCorr}
 28140 | Vaults:3 | Reached skill level 17 in Armour
 28250 | Vaults:3 | Reached skill level 9 in Dodging
 28349 | Vaults:3 | Found Ecadghorr's Antique Armour Shoppe.
 28366 | Vaults:3 | Bought a shimmering helmet for 304 gold pieces
 28366 | Vaults:3 | Identified the +0 helmet "Pijetsil" {rElec} (You bought it
                  | in a shop on level 3 of the Vaults)
 28907 | Vaults:2 | Reached XP level 20. HP: 206/206 MP: 31/31
 28924 | Vaults:2 | Reached skill level 16 in Invocations
 28980 | Vaults:2 | Identified the amulet "Haby" {RegenMP rC+ Will- Str+4}
 29235 | Vaults:2 | You are cast into the Abyss!
 29235 | Abyss:3  | Cast into level 3 of the Abyss (a deep elf demonologist)
 29244 | Vaults:2 | You pass through the gate.
 29244 | Vaults:2 | Escaped the Abyss
 29252 | Vaults:2 | Reached skill level 10 in Dodging
 29344 | Vaults:2 | Reached skill level 18 in Armour
 29734 | Vaults:2 | Found a staircase to the Crypt.
 29734 | Vaults:2 | Noticed a curse skull
 29841 | Vaults:2 | Found a transporter.
 29842 | Vaults:2 | Noticed Pileu's ghost (adept DsFE)
 29842 | Vaults:2 | Identified the +6 great mace of Victory {elec, rF+ Will+
                  | Stlth+}
 29978 | Vaults:2 | Killed a curse skull
 29979 | Vaults:2 | Reached skill level 17 in Invocations
 30126 | Vaults:2 | Identified the +5 arbalest of Linearity {penet, rF+ MP+9
                  | Int-3 Dex+5}
 30130 | Vaults:2 | Identified the +8 arbalest "Vuririf" {flame, *Corrode
                  | +Blink rPois rN+ Str+2}
 30847 | Vaults:4 | Reached skill level 11 in Dodging
 30910 | Vaults:4 | Paralysed by a great orb of eyes for 5 turns
 30952 | Vaults:4 | Found Apruroercho's Antique Weapon Boutique.
 30975 | Vaults:4 | Reached skill level 18 in Invocations
 30993 | Vaults:4 | Reached XP level 21. HP: 203/214 MP: 34/34
 31041 | Vaults:4 | Reached skill level 19 in Armour
 31234 | Vaults:4 | Noticed Saint Roka
 31253 | Vaults:4 | Killed Saint Roka
 31745 | Vaults:4 | Found the +3 pair of gauntlets of War {Slay+5}
 31882 | Vaults:5 | Entered Level 5 of the Vaults
 31891 | Vaults:5 | Reached skill level 19 in Invocations
 31894 | Vaults:5 | Noticed Margery
 31908 | Vaults:5 | Reached skill level 12 in Dodging
 31912 | Vaults:5 | Noticed a golden dragon
 31917 | Vaults:5 | Killed Margery
 31935 | Vaults:5 | Killed a golden dragon
 31980 | Vaults:5 | Reached skill level 20 in Armour
 32051 | Vaults:5 | Identified the +1 great sword of Sumyroit {flame, rElec
                  | rPois Dex-4}
 32072 | Vaults:5 | Reached skill level 20 in Invocations
 32086 | Vaults:5 | Reached XP level 22. HP: 212/214 MP: 36/36
 32230 | Vaults:5 | Identified the +10 hand axe of Arbitration {elec, Int+3}
 32255 | Vaults:5 | Found Sucaette's Assorted Antiques.
 32260 | Vaults:5 | Identified the +8 mace "Anocsum" {flame, Stlth+}
 32461 | Vaults:5 | Identified a +2 crystal plate armour
 32645 | Vaults:5 | Noticed a golden dragon
 32649 | Vaults:5 | Killed a golden dragon
 32650 | Vaults:5 | Reached skill level 13 in Dodging
 32828 | Vaults:5 | Got a silver rune of Zot
 32910 | Vaults:5 | Identified the ring "Onuiss" {Drain rPois rC++ AC+4}
 33029 | Vaults:5 | Noticed a golden dragon
 33043 | Vaults:5 | Killed a golden dragon
 33079 | Vaults:5 | Reached skill level 21 in Invocations
 33411 | Vaults:5 | Reached skill level 21 in Armour
 33946 | Shoals:1 | Entered Level 1 of the Shoals
 34066 | Shoals:1 | Identified the +10 hand axe of Keoguone {flame, *Noise rC+
                  | Int+2 SInv}
 35148 | Shoals:2 | Identified the +9 sling "Dicoix" {freeze, Int+3 Dex+3}
 35151 | Shoals:2 | Noticed Nikola
 35162 | Shoals:2 | Killed Nikola
 36067 | Shoals:3 | Reached XP level 23. HP: 229/229 MP: 37/37
 36246 | Shoals:4 | Entered Level 4 of the Shoals
 36360 | Shoals:4 | Reached skill level 22 in Invocations
 36375 | Shoals:4 | Identified the ring "Tionopn" {rPois Slay+3 SInv}
 36768 | Shoals:4 | Got a barnacled rune of Zot
 37420 | Elf:1    | Entered Level 1 of the Elven Halls
 37464 | Elf:1    | Found a radiant altar of Vehumet.
 37478 | Elf:1    | Reached skill level 22 in Armour
 37512 | Elf:1    | Found a radiant altar of Vehumet.
 37536 | Elf:1    | Found a flickering gateway to a bazaar.
 37540 | Bazaar   | Entered a bazaar
 37567 | Bazaar   | Found Bukhlyqi's Armour Shoppe.
 37567 | Bazaar   | Found Wahea's Magic Scroll Emporium.
 37589 | Bazaar   | Found Xisohoet's Jewellery Shoppe.
 37589 | Bazaar   | Found Lethri's Assorted Antiques.
 37600 | Bazaar   | Bought a potion of heal wounds for 95 gold pieces
 37643 | Bazaar   | Bought a scroll of enchant weapon for 142 gold pieces
 38526 | Elf:2    | Reached skill level 23 in Invocations
 38686 | Elf:2    | Found a runed translucent gate.
 38686 | Elf:2    | Found a runed translucent gate.
 38694 | Elf:2    | Found a runed translucent gate.
 39093 | Elf:3    | Entered Level 3 of the Elven Halls
 39239 | Elf:3    | Found Cineahe's Antique Armour Emporium.
 39251 | Elf:3    | Found Xaut's Jewellery Shoppe.
 39278 | Elf:3    | Paralysed by an air elemental for 1 turns
 39402 | Elf:3    | Found Moozxoaz's Jewellery Shoppe.
 39405 | Elf:3    | Found Ylusoyz's Assorted Antiques.
 39418 | Elf:3    | Bought a peridot ring for 120 gold pieces
 39675 | Elf:3    | Reached skill level 23 in Armour
 39761 | Elf:3    | Reached skill level 24 in Invocations
 39939 | Elf:3    | Reached XP level 24. HP: 219/233 MP: 39/39
 40038 | Elf:3    | Identified the ring "Ceotud" {rCorr Str+6 Dex+3}
 40138 | Elf:3    | Identified the +5 longbow of Recklessness {drain, Fly rF+
                  | Int+3}
 40156 | Elf:3    | Found the +9 staff of Olgreb {rPois∞}
 40214 | Elf:3    | Identified the +9 plate armour "Muoxayna" {rF+ rC- SInv}
 40216 | Elf:3    | Identified the +6 dagger "Transmigrator" {flame, rElec rF+
                  | Str+3}
 40236 | Elf:3    | Identified the +7 rapier of Kemecob {heavy, Will- Str+4
                  | SInv}
 40909 | Vaults:5 | Bought a scroll of acquirement for 2132 gold pieces
 40909 | Vaults:5 | Acquired 652 gold pieces
 40911 | Vaults:5 | >>lmao
 41148 | Depths:1 | Entered Level 1 of the Depths
 41269 | Depths:1 | Reached skill level 25 in Invocations
 41273 | Depths:1 | Gained mutation: You do not regenerate when monsters are
                  | visible. [a shining eye]
 41281 | Depths:1 | Lost mutation: You do not regenerate when monsters are
                  | visible. [potion of mutation]
 41281 | Depths:1 | Gained mutation: You are frail. (-10% HP) [potion of
                  | mutation]
 41281 | Depths:1 | Gained mutation: You have sharp fingernails. [potion of
                  | mutation]
 41282 | Depths:1 | Lost mutation: You are frail. (-10% HP) [potion of
                  | mutation]
 41282 | Depths:1 | Lost mutation: You have sharp fingernails. [potion of
                  | mutation]
 41282 | Depths:1 | Gained mutation: Your magical capacity is low. (-10% MP)
                  | [potion of mutation]
 41282 | Depths:1 | Gained mutation: You are partially covered in iridescent
                  | scales. (AC +2) [potion of mutation]
 41359 | Depths:1 | Gained mutation: Your body sometimes deteriorates upon
                  | taking damage. [a shining eye]
 41362 | Depths:1 | Gained mutation: You occasionally lose the ability to read
                  | scrolls when taking damage. [a shining eye]
 41367 | Depths:1 | Lost mutation: Your body sometimes deteriorates upon taking
                  | damage. [potion of mutation]
 41367 | Depths:1 | Lost mutation: Your magical capacity is low. (-10% MP)
                  | [potion of mutation]
 41367 | Depths:1 | Lost mutation: You occasionally lose the ability to read
                  | scrolls when taking damage. [potion of mutation]
 41367 | Depths:1 | Gained mutation: You are dopey. (Int -2) [potion of
                  | mutation]
 41367 | Depths:1 | Gained mutation: You passively map a small area around you.
                  | [potion of mutation]
 41381 | Depths:1 | Reached skill level 24 in Armour
 41482 | Depths:1 | Found Riclueza's Antique Artefacts.
 41507 | Depths:1 | Found a gateway to Hell.
 41510 | Depths:1 | Bought a scorched bronze ring for 130 gold pieces
 41510 | Depths:1 | Identified the ring "Miagel" {rN+ Slay+4} (You bought it in
                  | a shop on level 1 of the Depths)
 42030 | Depths:1 | Reached skill level 26 in Invocations
 42197 | Depths:2 | Found a transporter.
 42198 | Depths:2 | Noticed a caustic shrike
 42198 | Depths:2 | Noticed a caustic shrike
 42220 | Depths:2 | Found a transporter.
 42226 | Depths:2 | Noticed strangelove's ghost (master GrEE)
 42295 | Depths:2 | Found a bloodstained altar of Trog.
 42324 | Depths:2 | Found a one-way gateway to a ziggurat.
 42437 | Depths:2 | Reached skill level 27 in Invocations
 42626 | Depths:2 | Found a one-way gate leading to the halls of Pandemonium.
 42962 | Depths:3 | Reached XP level 25. HP: 246/246 MP: 40/40
 43031 | Depths:3 | Found a one-way gate to the infinite horrors of the Abyss.
 43153 | Depths:3 | Found a transporter.
 43294 | Depths:3 | Noticed a juggernaut
 43454 | Depths:3 | Found a transporter.
 43454 | Depths:3 | Found a runed translucent door.
 43454 | Depths:3 | Found a bloodstained altar of Trog.
 43454 | Depths:3 | Found the +8 Wrath of Trog {antimagic, *Rage Rampage}
 43483 | Depths:3 | Killed a juggernaut
 43516 | Depths:3 | Identified the +9 broad axe "Yloafiah" {drain, *Slow Int+3
                  | Dex+3 SInv}
 43625 | Depths:4 | Entered Level 4 of the Depths
 43625 | Depths:4 | Noticed Mennas
 43636 | Depths:4 | Killed Mennas
 43831 | Depths:4 | Reached skill level 25 in Fighting
 44053 | Depths:4 | Identified the ring of Finality {Ice Contam Str+2 Int+9}
 44053 | Depths:4 | Noticed Josephina
 44055 | Depths:4 | Reached skill level 25 in Axes
 44068 | Depths:4 | Killed Josephina
 44520 | Depths:4 | Found a gate to the Realm of Zot.
 44939 | Depths:2 | Killed a caustic shrike
 44940 | Depths:2 | Reached skill level 25 in Armour
 44942 | Depths:2 | Killed a caustic shrike
 44946 | Depths:2 | Reached skill level 26 in Fighting
 44949 | Depths:2 | Killed strangelove's ghost
 44954 | Depths:2 | Identified the +2 hat of Protective Custody {rN++ Stlth-}
 45197 | Crypt:1  | Entered Level 1 of the Crypt
 45897 | Crypt:2  | Reached XP level 26. HP: 264/264 MP: 40/40
 46113 | Crypt:2  | Reached skill level 26 in Axes
 46157 | Crypt:2  | Reached skill level 27 in Fighting
 46600 | Crypt:3  | Entered Level 3 of the Crypt
 46682 | Crypt:3  | Found a staircase to the Tomb.
 46767 | Crypt:3  | Noticed Vv
 46784 | Crypt:3  | Killed Vv
 46924 | Crypt:3  | Noticed a curse skull
 46932 | Crypt:3  | Killed a curse skull
 47292 | Crypt:3  | Noticed Jory
 47314 | Crypt:3  | Killed Jory
 47315 | Crypt:3  | Reached skill level 26 in Armour
 47331 | Crypt:3  | Found a basalt altar of Yredelemnul.
 47371 | Crypt:3  | Noticed an ancient lich
 47382 | Crypt:3  | Killed an ancient lich
 47383 | Crypt:3  | Reached skill level 27 in Axes
 47751 | Crypt:3  | Identified the ring "Neigi" {rPois rF- rN+ Int+3 SInv}
 47751 | Crypt:3  | Identified the ring "Malas" {rN+ Str+3 Dex+4 Stlth-}
 47751 | Crypt:3  | Identified the ring of Trepidation {rF+ rN+ rCorr MP-9
                  | Int+4}
 47773 | Crypt:3  | Found the ring of the Hare {EV+10}
 47796 | Crypt:3  | Identified the +3 dagger "Zeut" {heavy, Str+6 Dex-5}
 48327 | Slime:1  | Entered Level 1 of the Pits of Slime
 48375 | Slime:3  | Reached skill level 27 in Armour
 48405 | Slime:3  | Reached skill level 1 in Evocations
 48436 | Slime:4  | Reached skill level 2 in Evocations
 48454 | Slime:5  | Entered Level 5 of the Pits of Slime
 48459 | Slime:5  | Reached skill level 14 in Dodging
 48481 | Slime:5  | Noticed the Royal Jelly
 48493 | Slime:5  | Reached skill level 3 in Evocations
 48520 | Slime:5  | Killed the Royal Jelly
 48521 | Slime:5  | Reached skill level 4 in Evocations
 48560 | Slime:5  | Reached XP level 27. HP: 273/273 MP: 13/40
 48579 | Slime:5  | Found the +4 robe of Folly {Brill Will-∞ Int+8}
 48604 | Slime:5  | Identified the ring "Fyhih" {Fire MP+9 Int+2 Slay+5}
 48610 | Slime:5  | Identified the +1 plate armour of Depymeux {rElec Will+++
                  | MP-9 Slay+3}
 48637 | Slime:5  | Reached skill level 5 in Evocations
 48650 | Slime:5  | Got a slimy rune of Zot
 48651 | Slime:5  | Identified the +6 scale mail of Dishonour {-Tele Rampage
                  | rF+ Int+4}
 49182 | Zot:1    | Entered Level 1 of the Realm of Zot
 49299 | Zot:1    | Reached skill level 6 in Evocations
 49626 | Zot:1    | Reached skill level 7 in Evocations
 49640 | Zot:1    | Reached skill level 15 in Dodging
 49760 | Zot:1    | Reached skill level 8 in Evocations
 49814 | Zot:1    | Found a transporter.
 49820 | Zot:1    | Found a transporter.
 49821 | Zot:1    | Found a transporter.
 49890 | Zot:1    | Found a transporter.
 50082 | Zot:2    | Reached skill level 9 in Evocations
 50364 | Zot:2    | Reached skill level 10 in Evocations
 50397 | Zot:2    | Found a transporter.
 50552 | Zot:2    | Found a transporter.
 50861 | Zot:2    | Reached skill level 16 in Dodging
 50861 | Zot:2    | Reached skill level 11 in Evocations
 50995 | Zot:2    | Found the +0 mask of the Dragon {Will+ Slay+3 SInv}
 51096 | Zot:3    | Reached skill level 12 in Evocations
 51496 | Zot:3    | Identified the +4 scale mail of Qaigi {+Blink}
 51585 | Zot:4    | Reached skill level 17 in Dodging
 52096 | Zot:4    | Noticed a curse toe
 52108 | Zot:4    | Killed a curse toe
 52109 | Zot:4    | Reached skill level 18 in Dodging
 52533 | Zot:5    | Entered Level 5 of the Realm of Zot
 52549 | Zot:5    | Noticed an electric golem
 52596 | Zot:5    | Killed an electric golem
 52988 | Zot:5    | Noticed an ancient lich
 53169 | Zot:5    | Noticed a dread lich
 53180 | Zot:5    | Killed a dread lich
 53202 | Zot:5    | Reached skill level 19 in Dodging
 53303 | Zot:5    | Noticed an electric golem
 53323 | Zot:5    | Killed an electric golem
 53332 | Zot:5    | Noticed an orb of fire
 53333 | Zot:5    | Gained mutation: Your body sometimes deteriorates upon
                  | taking damage. [an orb of fire]
 53333 | Zot:5    | Gained mutation: You are vulnerable to heat. (rF-) [an orb
                  | of fire]
 53341 | Zot:5    | Killed an orb of fire
 53347 | Zot:5    | Killed an ancient lich
 53377 | Zot:4    | Lost mutation: You are partially covered in iridescent
                  | scales. (AC +2) [potion of mutation]
 53377 | Zot:4    | Lost mutation: You are dopey. (Int -2) [potion of mutation]
 53377 | Zot:4    | Lost mutation: Your body sometimes deteriorates upon taking
                  | damage. [potion of mutation]
 53377 | Zot:4    | Gained mutation: You occasionally lose the ability to drink
                  | potions when taking damage. [potion of mutation]
 53377 | Zot:4    | Gained mutation: You have hidden genetic potential. [potion
                  | of mutation]
 53377 | Zot:4    | Gained mutation: You passively dampen the noise of your
                  | surroundings. [potion of mutation]
 53377 | Zot:4    | Gained mutation: You are partially covered in iridescent
                  | scales. (AC +2) [potion of mutation]
 53378 | Zot:4    | Lost mutation: You have hidden genetic potential. [potion
                  | of mutation]
 53378 | Zot:4    | Lost mutation: You passively map a small area around you.
                  | [potion of mutation]
 53378 | Zot:4    | Gained mutation: You have large cloven feet. [potion of
                  | mutation]
 53378 | Zot:4    | Gained mutation: Your system is resistant to poisons.
                  | (rPois) [potion of mutation]
 53378 | Zot:4    | Lost mutation: You passively dampen the noise of your
                  | surroundings. [potion of mutation]
 53379 | Zot:4    | Lost mutation: You are vulnerable to heat. (rF-) [potion of
                  | mutation]
 53379 | Zot:4    | Lost mutation: You are partially covered in iridescent
                  | scales. (AC +2) [potion of mutation]
 53379 | Zot:4    | Lost mutation: Your system is resistant to poisons. (rPois)
                  | [potion of mutation]
 53379 | Zot:4    | Gained mutation: You are agile. (Dex +4, Str/Int -1)
                  | [potion of mutation]
 53379 | Zot:4    | Gained mutation: You are partially covered in iridescent
                  | scales. (AC +2) [potion of mutation]
 53380 | Zot:4    | Lost mutation: You have large cloven feet. [potion of
                  | mutation]
 53380 | Zot:4    | Lost mutation: You are agile. (Dex +4, Str/Int -1) [potion
                  | of mutation]
 53380 | Zot:4    | Gained mutation: You are frail. (-10% HP) [potion of
                  | mutation]
 53381 | Zot:4    | Lost mutation: You are frail. (-10% HP) [potion of
                  | mutation]
 53381 | Zot:4    | Lost mutation: You are partially covered in iridescent
                  | scales. (AC +2) [potion of mutation]
 53381 | Zot:4    | Lost mutation: You occasionally lose the ability to drink
                  | potions when taking damage. [potion of mutation]
 53381 | Zot:4    | Gained mutation: You have a pair of small antennae on your
                  | head. [potion of mutation]
 53381 | Zot:4    | Gained mutation: You have hidden genetic defects. [potion
                  | of mutation]
 53381 | Zot:4    | Gained mutation: You are strong-willed. (Will+) [potion of
                  | mutation]
 53627 | Zot:5    | Reached skill level 20 in Dodging
 53647 | Zot:5    | Noticed an electric golem
 53654 | Zot:5    | Noticed an orb of fire
 53654 | Zot:5    | Noticed an orb of fire
 53657 | Zot:5    | Killed an electric golem
 53660 | Zot:5    | Gained mutation: You are dopey. (Int -2) [an orb of fire]
 53663 | Zot:5    | Killed an orb of fire
 53667 | Zot:5    | Gained mutation: Your body sometimes deteriorates upon
                  | taking damage. [an orb of fire]
 53671 | Zot:5    | Killed an orb of fire
 53696 | Zot:5    | Gained mutation: You are frail. (-10% HP) [hidden defects]
 53742 | Zot:5    | Got the Orb of Zot
 53891 | Zot:1    | Identified +2 pearl dragon scales
 53891 | Zot:1    | Noticed a seraph
 54107 | Depths:1 | Identified +0 pearl dragon scales
 54107 | Depths:1 | Noticed a seraph
 54173 | D:15     | Noticed Nakhaez the pandemonium lord
 54180 | D:15     | HP: 20/245 [drowned by Nakhaez the pandemonium lord (32)]
 54182 | D:15     | Drowned by Nakhaez the pandemonium lord

Vanquished Creatures
  the Royal Jelly (Slime:5)
  A dread lich (Zot:5)
  3 orbs of fire (Zot:5)
  The ghost of strangelove the Metallomancer, a master GrEE of Vehumet (Depths:2)
  Mennas (Depths:4)
  2 ancient liches
  Josephina (Depths:4)
  A juggernaut (Depths:3)
  Vv (Crypt:3)
  Saint Roka (Vaults:4)
  7 Killer Klowns (Zot:5)
  A curse toe (Zot:4)
  2 caustic shrikes (Depths:2)
  Margery (Vaults:5)
  20 golden dragons
  Jory (Crypt:3)
  Nikola (Shoals:2)
  2 bone dragons (Crypt:3)
  3 electric golems (Zot:5)
  11 liches
  19 tentacled monstrosities
  2 deep elf blademasters (Elf:3)
  28 Orb Guardians
  8 quicksilver dragons
  3 deep elf master archers (Elf:3)
  3 titans
  3 sphinxes
  2 krakens
  26 acid blobs
  7 ancient champions
  18 death cobs
  Gastronok (D:8)
  Kirke (D:14)
  13 shadow dragons
  6 tengu reavers
  19 storm dragons
  9 draconian monks
  11 rockslimes
  11 nagarajas
  2 revenants
  15 azure jellies
  8 fire giants
  An iron dragon (Depths:2)
  10 deep elf sorcerers
  5 frost giants
  8 draconian knights
  17 vault wardens
  A balrug (Depths:2)
  9 draconian scorchers
  Aizul (Snake:4)
  2 curse skulls
  2 draconian stormcallers
  9 ghost moths
  2 angels (Zot:1)
  15 ghouls
  2 deep elf elementalists (Elf:3)
  14 stone giants
  6 draconian annihilators
  A juggernaut skeleton (Crypt:3)
  3 war gargoyles
  A caustic shrike skeleton (Crypt:3)
  6 draconian shifters
  20 ironbound preservers
  20 very ugly things
  12 quicksilver oozes
  4 orc warlords
  7 black draconians
  A cacodemon (Depths:2)
  3 vampire knights
  13 ironbound thunderhulks
  14 green draconians
  14 deep elf annihilators
  15 white draconians
  Azrael (D:14)
  7 purple draconians
  4 deep elf demonologists
  18 dire elephants
  4 spark wasps (Depths:3)
  4 grey draconians (Zot:4)
  21 red draconians
  8 yellow draconians
  12 deep elf death magi
  6 merfolk javelineers
  A blizzard demon (Depths:1)
  5 eidola
  Snorg (Orc:1)
  18 yaktaur captains
  7 jiangshi
  14 ettins
  6 merfolk impalers
  8 fire dragons
  15 deep elf high priests
  An entropy weaver (shapeshifter) (Elf:3)
  4 entropy weavers
  A peacekeeper (Vaults:3)
  2 rakshasas
  15 great orbs of eyes
  35 vault guards
  9 ironbound frosthearts
  A caustic shrike simulacrum (Depths:4)
  10 hydras
  5 salamander tyrants
  2 spriggan air magi
  6 boulder beetles
  6 catoblepae
  6 ice dragons
  20 centaur warriors
  6 merfolk aquamancers
  An ogre mage (Vaults:5)
  A fenstrider witch skeleton (Crypt:3)
  2 spriggan skeletons (Crypt:3)
  3 two-headed ogres
  8 deep troll shamans
  2 death knights
  4 anacondas
  10 death yaks
  22 naga warriors
  21 dancing weapons
  2 merfolk avatars
  5 tengu warriors
  11 deep troll earth magi
  A satyr (Shoals:1)
  9 vampire magi
  16 naga sharpshooters
  2 orc high priests (Orc:2)
  A quicksilver ooze zombie (Crypt:2)
  3 spriggan berserkers (Depths:3)
  7 shock serpents
  A shock serpent (shapeshifter) (Depths:2)
  A soul eater (Crypt:2)
  2 titan skeletons (Crypt:3)
  11 hell knights
  A fire crab (shapeshifter) (Vaults:3)
  15 deep elf knights
  13 iron trolls
  2 shadow wraiths (Crypt:2)
  6 salamander mystics
  49 skeletal warriors
  2 sixfirhies (Depths:2)
  2 glowing orange brains
  23 sea snakes
  67 deep trolls
  A bunyip zombie (Crypt:3)
  4 bog bodies
  An iron giant zombie (Crypt:3)
  A shadow demon (Zot:1)
  18 deep elf archers
  27 ironbound convokers
  3 naga ritualists
  A tengu zombie (Vaults:3)
  A flayed ghost (Depths:3)
  18 wizards
  2 spriggan simulacra
  28 deep elf zephyrmancers
  A swamp dragon (shapeshifter) (Depths:2)
  13 harpies
  27 deep elf pyromancers
  16 lindwurms
  A mana viper (shapeshifter) (Vaults:5)
  12 phantasmal warriors
  17 orc knights
  8 necromancers
  39 ugly things
  18 manticores
  4 wolf spiders
  3 mana vipers
  7 orc sorcerers
  A shadow dragon skeleton (Crypt:1)
  A stone giant zombie (Vaults:3)
  A shining eye (shapeshifter) (Depths:2)
  5 shining eyes
  9 fauns
  10 cyclopes
  A manticore (shapeshifter) (D:14)
  32 moths of wrath
  A salamander (shapeshifter) (Elf:1)
  10 guardian serpents
  3 stone giant skeletons
  18 salamanders
  12 elephants
  12 naga magi
  A rust devil (Depths:2)
  26 black mambas
  9 water nymphs
  5 merfolk sirens
  2 ice statues (IceCv)
  22 vault sentinels
  4 eyes of devastation
  A dire elephant zombie (Crypt:1)
  An elephant slug zombie (Crypt:1)
  An orange demon (Depths:2)
  7 cane toads
  A death yak zombie (Crypt:1)
  A minotaur zombie (Crypt:2)
  A cane toad (shapeshifter) (D:13)
  2 rime drakes (Lair:4)
  A white draconian zombie (Crypt:1)
  A kobold demonologist (Depths:4)
  A dire elephant skeleton (Crypt:3)
  A komodo dragon (shapeshifter) (Vaults:5)
  3 naga skeletons (Crypt:3)
  An unseen horror (D:13)
  29 yaktaurs
  8 komodo dragons
  An alligator snapping turtle skeleton (Crypt:2)
  3 anaconda simulacra
  An unseen horror zombie (D:8)
  6 freezing wraiths
  6 tengu conjurers
  An efreet (D:13)
  12 ice devils
  A red draconian zombie (Crypt:2)
  A black draconian skeleton (Crypt:2)
  A golden dragon simulacrum (Depths:4)
  A silent spectre (Depths:3)
  7 trolls
  A red devil (Depths:2)
  5 polar bears
  A hornet (shapeshifter) (Vaults:5)
  2 hornets
  31 merfolk
  A wind drake (shapeshifter) (Vaults:5)
  A hellwing (Depths:2)
  A wolf spider simulacrum (D:14)
  4 saltlings (Orc:2)
  A tarantella (Vaults:5)
  A death yak skeleton (Crypt:1)
  4 elf skeletons
  2 harpy skeletons (Crypt:3)
  A tarantella zombie (Crypt:2)
  An ettin zombie (Crypt:1)
  3 wind drakes
  17 dream sheep
  A dream sheep (shapeshifter) (Vaults:5)
  An iron dragon simulacrum (Depths:4)
  11 blink frogs
  A jumping spider (shapeshifter) (Vaults:4)
  A slime creature (shapeshifter) (Depths:2)
  10 snapping turtles
  2 dire elephant simulacra
  A ynoxinul (Depths:2)
  A vampire (D:13)
  A culicivora (Vaults:3)
  An elf zombie (Vaults:1)
  A centaur simulacrum (D:14)
  10 flying skulls
  9 humans (D:13)
  69 slime creatures
  6 wraiths
  3 wyverns
  A wyvern (shapeshifter) (Vaults:5)
  5 hogs (D:14)
  73 yaks
  35 water elementals
  A golden eye (Depths:1)
  7 fire elementals
  An air elemental (Elf:3)
  Eustachio (D:6)
  3 basilisks
  3 vampire mosquitoes (D:10)
  A redback (shapeshifter) (Elf:3)
  6 redbacks
  A wind drake skeleton (Crypt:3)
  A harpy simulacrum (Crypt:3)
  45 nagas
  6 wargs (Orc:2)
  A small abomination (D:15)
  2 acid dragons
  2 two-headed ogre zombies (D:10)
  3 hell hounds (D:14)
  3 floating eyes
  4 water moccasins
  A fire bat skeleton (Crypt:3)
  A floating eye (shapeshifter) (Depths:2)
  3 black bears
  A black bear (shapeshifter) (Elf:3)
  2 sky beasts
  23 orc warriors
  7 ice beasts
  6 ogres
  16 centaurs
  3 large abominations
  30 wolves
  2 snapping turtle zombies
  3 phantoms
  2 kobold brigands (Depths:4)
  17 bullfrogs
  A fire crab zombie (Crypt:3)
  10 necrophages
  4 scorpions
  A cane toad simulacrum (IceCv)
  A wyvern zombie (D:8)
  6 two-headed ogre simulacra (IceCv)
  10 wights
  A gnoll sergeant (D:10)
  4 earth elementals
  A cyclops skeleton (Crypt:3)
  A troll zombie (D:10)
  A raiju zombie (Crypt:3)
  2 elephant simulacra (IceCv)
  A human simulacrum (Vaults:1)
  25 killer bees
  7 electric eels
  10 howler monkeys
  3 crimson imps (D:5)
  2 centaur zombies
  3 jellies
  A gnoll bouda (D:4)
  14 orc priests
  A black bear zombie (Crypt:3)
  2 hounds
  3 human zombies
  An iguana (D:5)
  16 orc wizards
  5 hell rats (Lair:1)
  A troll simulacrum (IceCv)
  A polar bear simulacrum (IceCv)
  A killer bee zombie (D:8)
  5 ogre zombies (D:10)
  8 mummies
  2 howler monkey zombies (D:8)
  9 gnolls
  11 adders
  2 naga simulacra (IceCv)
  3 white imps
  4 ufetubi
  3 worms
  2 dart slugs (D:4)
  62 orcs
  12 endoplasms
  2 giant cockroaches (D:1)
  3 gnoll zombies (Ossuary)
  9 goblins
  3 hobgoblins
  7 jackals
  5 quokkas
  8 ball pythons
  7 bats
  2 frilled lizards
  A gnoll skeleton (Crypt:1)
  3 goblin skeletons
  4 goblin zombies
  4 hobgoblin zombies
  8 kobolds
  A kobold zombie (Ossuary)
  2 orc skeletons (D:10)
  16 orc zombies
  6 rats
  A butterfly (Lair:1)
  2 pillars of salt (Orc:2)
  8 tentacles
2580 creatures vanquished.

Vanquished Creatures (collateral kills)
  A rime drake (Lair:1)
  A hornet (Lair:1)
  A spriggan (Lair:1)
  A water moccasin (Lair:1)
  8 wolves (Lair:1)
  A lindwurm skeleton (Crypt:3)
13 creatures vanquished.

Vanquished Creatures (others)
  A white draconian (Zot:2)
  An orc high priest (Elf:1)
  A naga ritualist (Snake:4)
  22 fungi
  78 plants
  5 tentacles
108 creatures vanquished.

Grand Total: 2701 creatures vanquished

Table legend: (Time is in decaauts)
 A = Elapsed time spent in this place.
 B = Non-inter-level travel time spent in this place.
 C = Inter-level travel time spent in this place.
 D = Time resting spent in this place.
 E = Time spent auto-exploring this place.
 F = Levels seen in this place.
 G = Mean time per level.
                   A        B        C        D        E       F      G
               +--------+--------+--------+--------+--------+-----+--------+
         Total |  52543 |  46616 |   5927 |   1946 |  33742 |  59 |  890.6 |
       Dungeon |  15439 |  12841 |   2598 |    605 |   9949 |  15 | 1029.3 |
          Lair |   4893 |   4364 |    529 |    423 |   3157 |   5 |  978.6 |
        Shoals |   3197 |   3035 |    162 |     22 |   2327 |   4 |  799.2 |
     Snake Pit |   4784 |   4634 |    150 |     59 |   3767 |   4 | 1196.0 |
    Slime Pits |    361 |    299 |     62 |      3 |      0 |   5 |   72.2 |
  Orcish Mines |   1717 |   1235 |    482 |     17 |    976 |   2 |  858.5 |
   Elven Halls |   2867 |   2660 |    207 |    132 |   1683 |   3 |  955.7 |
        Vaults |   6810 |   6129 |    681 |     83 |   4344 |   5 | 1362.0 |
         Crypt |   2758 |   2621 |    137 |     88 |   1878 |   3 |  919.3 |
        Depths |   4162 |   3492 |    670 |    104 |   2396 |   4 | 1040.5 |
           Zot |   4490 |   4244 |    246 |    151 |   2850 |   5 |  898.0 |
         Abyss |      8 |      8 |      0 |      0 |      0 |   1 |    8.0 |
        Bazaar |    160 |    160 |      0 |      0 |     72 |   1 |  160.0 |
       Ossuary |    328 |    328 |      0 |      8 |    251 |   1 |  328.0 |
      Ice Cave |    563 |    563 |      0 |    247 |     89 |   1 |  563.0 |
               +--------+--------+--------+--------+--------+-----+--------+

Top non-repeatable levels by time:
Vaults:5: 1716 daAuts
Vaults:2: 1551 daAuts
 Snake:4: 1392 daAuts
 Crypt:3: 1387 daAuts
     D:8: 1378 daAuts
Depths:4: 1320 daAuts
 Snake:1: 1292 daAuts
  Lair:5: 1290 daAuts
Vaults:3: 1289 daAuts
    D:14: 1288 daAuts
   Elf:3: 1257 daAuts
     D:6: 1254 daAuts
     D:9: 1241 daAuts
    D:12: 1204 daAuts
    D:10: 1188 daAuts

Table legend:
 A = Non-vault XP
 B = Vault XP
 C = Vault XP percentage of total XP
 D = Non-vault monster count
 E = Vault monster count
 F = Vault count percentage of total count
                 A         B        C        D         E       F
            +---------+---------+-------+---------+---------+-------
      Total |  848053 |  794382 |  48.4 |    1543 |    1005 |  39.4
            +---------+---------+-------+---------+---------+-------
        D:1 |      44 |       0 |   0.0 |      29 |       0 |   0.0
        D:2 |      60 |      15 |  20.0 |      13 |       2 |  13.3
        D:3 |      27 |       0 |   0.0 |      14 |       0 |   0.0
        D:4 |     199 |       0 |   0.0 |      30 |       0 |   0.0
        D:5 |     358 |     396 |  52.5 |      13 |       5 |  27.8
        D:6 |     567 |     196 |  25.7 |      20 |       1 |   4.8
        D:7 |    1316 |       0 |   0.0 |      23 |       0 |   0.0
        D:8 |    1494 |    2280 |  60.4 |      11 |      14 |  56.0
        D:9 |    3931 |    3019 |  43.4 |      36 |       9 |  20.0
       D:10 |    1895 |     783 |  29.2 |      23 |      36 |  61.0
       D:11 |    4226 |       0 |   0.0 |      24 |       0 |   0.0
       D:12 |    4237 |       0 |   0.0 |      12 |       0 |   0.0
       D:13 |    7888 |    4433 |  36.0 |      15 |      12 |  44.4
       D:14 |   10978 |   22562 |  67.3 |      27 |      49 |  64.5
       D:15 |   17107 |    2561 |  13.0 |      35 |       4 |  10.3
     Lair:1 |    5723 |    2870 |  33.4 |      31 |      24 |  43.6
     Lair:2 |    1888 |    2166 |  53.4 |       8 |       7 |  46.7
     Lair:3 |    7563 |    2923 |  27.9 |      31 |      12 |  27.9
     Lair:4 |    8473 |    2993 |  26.1 |      27 |      14 |  34.1
     Lair:5 |    9432 |   12076 |  56.1 |      31 |      23 |  42.6
   Shoals:1 |   18446 |       0 |   0.0 |      41 |       0 |   0.0
   Shoals:2 |   13981 |    3901 |  21.8 |      31 |       2 |   6.1
   Shoals:3 |    8804 |    2473 |  21.9 |      20 |       7 |  25.9
   Shoals:4 |   10742 |   14100 |  56.8 |      23 |      25 |  52.1
    Snake:1 |   16828 |       0 |   0.0 |      35 |       0 |   0.0
    Snake:2 |   12175 |       0 |   0.0 |      23 |       0 |   0.0
    Snake:3 |   20989 |       0 |   0.0 |      39 |       0 |   0.0
    Snake:4 |   26918 |   35276 |  56.7 |      56 |      43 |  43.4
    Slime:1 |    4391 |       0 |   0.0 |      11 |       0 |   0.0
    Slime:2 |    2878 |       0 |   0.0 |       4 |       0 |   0.0
    Slime:3 |    6346 |       0 |   0.0 |       9 |       0 |   0.0
    Slime:4 |    7162 |       0 |   0.0 |      16 |       0 |   0.0
    Slime:5 |    4358 |   25929 |  85.6 |       9 |      16 |  64.0
      Orc:1 |    1727 |     928 |  35.0 |      23 |       1 |   4.2
      Orc:2 |    4041 |   14399 |  78.1 |      28 |      44 |  61.1
      Elf:1 |   21251 |    6829 |  24.3 |      38 |      12 |  24.0
      Elf:2 |   27114 |    3324 |  10.9 |      43 |       4 |   8.5
      Elf:3 |   15106 |   48251 |  76.2 |      26 |      46 |  63.9
   Vaults:1 |   33671 |   35544 |  51.4 |      49 |      46 |  48.4
   Vaults:2 |   37135 |   17561 |  32.1 |      53 |      21 |  28.4
   Vaults:3 |   22522 |   46490 |  67.4 |      35 |      65 |  65.0
   Vaults:4 |   21326 |   27183 |  56.0 |      32 |      36 |  52.9
   Vaults:5 |   30330 |  104520 |  77.5 |      42 |     100 |  70.4
    Crypt:1 |   21623 |       0 |   0.0 |      31 |       0 |   0.0
    Crypt:2 |   36983 |       0 |   0.0 |      52 |       0 |   0.0
    Crypt:3 |   16932 |   61617 |  78.4 |      28 |      71 |  71.7
   Depths:1 |   16038 |   42316 |  72.5 |      18 |      40 |  69.0
   Depths:2 |   28317 |   29347 |  50.9 |      34 |      33 |  49.3
   Depths:3 |   27915 |   27427 |  49.6 |      31 |      28 |  47.5
   Depths:4 |   29899 |   22595 |  43.0 |      38 |      20 |  34.5
      Zot:1 |   36138 |   10729 |  22.9 |      33 |      10 |  23.3
      Zot:2 |   60995 |   27744 |  31.3 |      50 |      19 |  27.5
      Zot:3 |   55066 |       0 |   0.0 |      41 |       0 |   0.0
      Zot:4 |   26227 |   24839 |  48.6 |      20 |      20 |  50.0
      Zot:5 |   36273 |   95988 |  72.6 |      28 |      43 |  60.6
    Ossuary |       0 |     126 | 100.0 |       0 |      12 | 100.0
      IceCv |       0 |    5673 | 100.0 |       0 |      29 | 100.0
            +---------+---------+-------+---------+---------+-------
